 Dungeon Crawl Stone Soup version 0.32-a0-913-g739538a (webtiles) character file.

Game seed: 15904106935409623645

47 operator the Slasher (level 3, 0/26 HPs)
             Began as an Octopode Monk on Apr 7, 2024.
             Slain by a goblin
             ... wielding a +0 dagger
             ... led by Robin
              (1 damage)
             ... on level 2 of the Dungeon.
             The game lasted 00:02:00 (1174 turns).

operator the Slasher (Octopode Monk)                Turns: 1174, Time: 00:02:01

Health: 0/26       AC:  3    Str: 10    XL:     3   Next: 70%
Magic:  3/3        EV: 13    Int: 12    God:
Gold:   91         SH:  0    Dex: 16    Spells: 2/2 levels left

rFire   . . .        a - +0 falchion
rCold   . . .        c - orb {light}
rNeg    . . .        g - +2 hat
rPois   .            (no amulet)
rElec   .            (no ring)
rCorr   .            (no ring)
SInv    .            (no ring)
Will    .....        (no ring)
Stlth   +            (no ring)
HPRegen 0.24/turn    (no ring)
MPRegen 0.08/turn    (no ring)
                     (no ring)

%: no passive effects
@: glowing
A: almost no armour, amphibious, 8 rings, camouflage 1, gelatinous body 1,
(nimble swimmer 1), tentacles
a: no special abilities


You were on level 2 of the Dungeon.
You visited 1 branch of the dungeon, and saw 2 of its levels.

You collected 91 gold pieces.

Inventory:

Hand Weapons
 a - a +0 falchion (weapon)
Armour
 c - an orb of light (worn)
 g - a +2 hat (worn)
Potions
 b - a potion of ambrosia
 d - a potion of lignification {unknown}
 e - a potion of resistance {unknown}
 f - a potion of degeneration
 h - a potion of cancellation {unknown}


   Skills:
 - Level 3.0 Fighting
 + Level 4.5 Long Blades
 - Level 3.0 Dodging


You had 2 spell levels left.
You didn't know any spells.
Your spell library was empty.

Dungeon Overview and Level Annotations

Branches:
Dungeon (2/15)

Altars:

Shops:
D:2 :

Annotations:
D:2 Robin


Innate Abilities, Weirdness & Mutations

You cannot wear most types of armour.
You are amphibious.
You can wear up to eight rings at the same time.
Your skin changes colour to match your surroundings (Stealth+).
Your rubbery body absorbs attacks. (AC +1, EV +1)
((You are camouflaged when in or above water. (Stealth+)))
You have tentacles for arms and can constrict up to eight enemies at once.


Message History

The goblin attacks as it pursues you! The goblin hits you with a +0 club.
The hobgoblin hits you but does no damage.
Unknown command.
You aren't carrying any scrolls.
Okay, then.
You barely miss the hobgoblin. You grab the hobgoblin.
You constrict the hobgoblin. The goblin barely misses you.
The hobgoblin hits you but does no damage.
The goblin hits you with a +0 dagger. The goblin misses you.
You hit the hobgoblin but do no damage.
The hobgoblin is almost dead.
You constrict the hobgoblin.
You kill the hobgoblin!
The goblin barely misses you. The goblin hits you with a +0 club.
You hit the goblin. Your grab misses the goblin.
The goblin is heavily wounded.
The goblin hits you with a +0 dagger.
You barely miss the goblin. Your grab misses the goblin.
Your squeeze misses the goblin.
The goblin is heavily wounded.
The goblin no longer looks unusually strong.
The goblin hits you with a +0 dagger.
Robin says, "My army is invincible!"
Robin throws the goblin at you! The goblin closely misses you.
You hit the goblin.
You kill the goblin!
The goblin hits you with a +0 dagger.
* * * LOW HITPOINT WARNING * * *
The goblin hits you with a +0 club.
* * * LOW HITPOINT WARNING * * *
The goblin hits you with a +0 club.
* * * LOW HITPOINT WARNING * * *
You slash the goblin!
You kill the goblin!
The goblin no longer looks unusually strong.
The goblin hits you but does no damage. x2; The goblin barely misses you.
You slash the goblin!
You kill the goblin!
The goblin hits you with a +0 dagger.
You die...

##.........###............#
##........g..†.............#
..>.......g....#############
............##....######
#...........###.........
##..........# #.........
...........####g........
............g..g))......
..###...#..####g@.......
..#........# #####.######
....#..#...# #(........#
...##...#..#####.........#
##.###........##.......# .
#....[..>...#.......#
####.#.................#
...#.#.................#
.#∩#.#.................#


You could see Robin and 3 goblins.

Vanquished Creatures
  A dart slug (D:2)
  2 ribbon worms (D:2)
  6 ball pythons
  4 endoplasms (D:1)
  8 goblins
  5 hobgoblins
  5 bats
  4 frilled lizards
  2 kobolds (D:1)
  4 rats
41 creatures vanquished.

Notes
Turn   | Place    | Note
-------+----------+-------------------------------------------
     0 | D:1      | operator the Octopode Monk began the quest for the Orb.
     0 | D:1      | Reached XP level 1. HP: 16/16 MP: 1/1
    94 | D:1      | Reached XP level 2. HP: 21/21 MP: 2/2
   510 | D:1      | Reached skill level 4 in Long Blades
   722 | D:1      | Reached XP level 3. HP: 22/26 MP: 3/3
   873 | D:2      | Found Boarit's Book Boutique.
   938 | D:2      | Noticed Robin
  1172 | D:2      | HP: 1/26 [goblin/+0 club[Robin] (2)]
  1174 | D:2      | Slain by a goblin

Illustrated notes

Levels and vault maps discovered:
D:1:      spicycebolla_arrival_xxxplode, layout_basic
D:2:      layout_rooms, serial_shops, nicolae_shop_back_alley_shop, uniq_robin

Skill      XL: |  1  2 |
---------------+-------+-----
Long Blades    | 4 |  4.5
Fighting       | |  3.0
Dodging        | |  3.0

Action                     || total
---------------------------++-------
  Melee: Falchion          ||    56
         Constrict         ||    21
         Tentacles         ||     7
    Use: Scroll            ||     3
   Stab: Sleeping          ||     1
 Armour: Skin              ||    39
  Dodge: Dodged            ||    35

Table legend: (Time is in decaauts)
 A = Elapsed time spent in this place.
 B = Non-inter-level travel time spent in this place.
 C = Inter-level travel time spent in this place.
 D = Time resting spent in this place.
 E = Time spent auto-exploring this place.
 F = Levels seen in this place.
 G = Mean time per level.
                   A        B        C        D        E       F      G
               +--------+--------+--------+--------+--------+-----+--------+
         Total |   1180 |   1105 |     75 |     37 |    807 |   2 |  590.0 |
       Dungeon |   1180 |   1105 |     75 |     37 |    807 |   2 |  590.0 |
               +--------+--------+--------+--------+--------+-----+--------+

Top non-repeatable levels by time:
     D:1: 877 daAuts
     D:2: 303 daAuts
